 Dungeon Sprint DCSS version 0.28.0 (webtiles) character file.

Game seed: 3932259436480229221

29 rocky1 the Bolt Thrower (level 3, -6/30 HPs)
             Began as a Minotaur Hunter on Feb 10, 2022.
             Mangled by a human (7 damage)
             ... in the Dungeon (Sprint III: "The Ten Rune Challenge").
             The game lasted 00:02:33 (145 turns).

rocky1 the Bolt Thrower (Minotaur Hunter)            Turns: 145, Time: 00:02:33

Health: -6/30      AC:  3    Str: 16    XL:     3   Next: 1%
Magic:  2/2        EV: 12    Int:  8    God:
Gold:   0          SH:  0    Dex: 12    Spells: 2/2 levels left

rFire   . . .      SeeInvis .   b - +0 short sword
rCold   . . .      Faith    .   (no shield)
rNeg    . . .      Spirit   .   c - +0 leather armour
rPois   .          Reflect  .   (helmet restricted)
rElec   .          Harm     .   (no cloak)
rCorr   .          Rampage  .   (no gloves)
Will    .....      NoTele   +   (no boots)
Stlth   ++........              (no amulet)
HPRegen 0.10/turn               (no ring)
MPRegen 0.08/turn               (no ring)

@: no status effects
A: horns 2, retaliatory headbutt
a: no special abilities


You were in the Dungeon.
You visited 1 branch

Inventory:

Hand Weapons
 a - a +1 hand crossbow
 b - a +0 short sword (weapon)
Missiles
 d - 16 bolts
 m - 5 poisoned darts
Armour
 c - a +0 leather armour (worn)
Scrolls
 j - a scroll of blinking
 k - a scroll of identify {unknown}
Potions
 e - a potion of curing
 f - a potion of heal wounds
 g - a potion of haste
 h - 2 potions of magic
 i - a potion of berserk rage
 l - a potion of mutation {unknown}


   Skills:
 - Level 2.4 Fighting
 + Level 6.4 Crossbows
 - Level 2.1 Dodging
 + Level 3.8 Stealth


You had 2 spell levels left.
You didn't know any spells.
Your spell library was empty.

Dungeon Overview and Level Annotations

Branches:
Dungeon (1/1)

Altars:


Innate Abilities, Weirdness & Mutations

You have a pair of horns on your head.
You reflexively headbutt those who attack you in melee.


Message History

You hit the human but do no damage.
The human is moderately wounded.
The human closely misses you.
You hit the human but do no damage. Your headbutt misses the human.
The human is moderately wounded.
The human barely misses you.
You hit the human but do no damage.
The human is moderately wounded.
The human hits you. x2
You barely miss the human.
The human is moderately wounded.
The human hits you.
You hit the human. Your headbutt misses the human.
The human is heavily wounded.
The human hits you.
You hit the human but do no damage.
The human is heavily wounded.
The human closely misses you. You furiously retaliate!
You headbutt the human. You hit the human.
The human is heavily wounded.
The human hits you.
* * * LOW HITPOINT WARNING * * *
You completely miss the human. You headbutt the human.
The human is severely wounded.
The human closely misses you.
You hit the human.
The human is almost dead.
The human barely misses you. You furiously retaliate!
You headbutt the human. You hit the human but do no damage.
The human is almost dead.
The human hits you!
* * * LOW HITPOINT WARNING * * *
Unknown command.
You closely miss the human.
The human is almost dead.
The human misses you.
You hit the human but do no damage. Your punch misses the human.
The human is almost dead.
The human hits you!
You die...

▓..##.......#
▓##.##.##..†# .#
##.##.###..# .(#
▓#.####.##..# .(.+
▓.###..##..##
#(..# ▓#.....##..#
#(...#
###..##)..##.....#
##..##....#p.....#
#..###..##@# #..#
#..#### ▓▓▓▓ ▓▓▓▓


You could see a human.

Vanquished Creatures
  Jessica (D)
  2 endoplasms (D)
  A rat (D)
4 creatures vanquished.

Notes
Turn   | Place    | Note
-------+----------+-------------------------------------------
     0 | D        | rocky1 the Minotaur Hunter began the quest for the Orb.
     0 | D        | Reached XP level 1. HP: 18/18 MP: 0/0
     9 | D        | Reached skill level 1 in Stealth
    74 | D        | Reached skill level 5 in Crossbows
    79 | D        | Noticed Jessica
    81 | D        | Killed Jessica
    82 | D        | Reached skill level 6 in Crossbows
    82 | D        | Reached XP level 2. HP: 25/25 MP: 1/1
    82 | D        | Reached XP level 3. HP: 30/30 MP: 2/2
   143 | D        | HP: 1/30 [human (8)]
   145 | D        | Mangled by a human

Illustrated notes

Levels and vault maps discovered:
D:        dungeon_sprint_mu [sprint_mu_entry_cave, sprint_mu_temple_rooms,
          sprint_mu_d1_horrors, sprint_mu_d2_genie, sprint_mu_d3_branching,
          sprint_mu_orc_legion, sprint_mu_elf_gauntlet, sprint_mu_hive_nellie,
          sprint_mu_lair_fedhas, sprint_mu_vaults_butterflies,
          sprint_mu_slime_circle, sprint_mu_swamp_cave, sprint_mu_snake_twists,
          sprint_mu_blade_basic, sprint_mu_crypt_chambers,
          sprint_mu_tomb_spiral, sprint_mu_vestibule_basic,
          sprint_mu_gehenna_hellfire, sprint_mu_dis_giant,
          sprint_mu_tartarus_statrot, sprint_mu_cocytus_islands, sprint_mu_zot1]

Skill      XL: |  1 |
---------------+----+-----
Stealth        | 3 |  3.8
Crossbows      | 6 |  6.4
Fighting       | |  2.4
Dodging        | |  2.1

Action                   || total
-------------------------++-------
Melee: Short sword       ||    15
       Headbutt          ||     1
 Fire: Hand crossbow     ||     8
Dodge: Dodged            ||     8
